 Dungeon Sprint DCSS version 0.28-a0-667-g162e43154e (webtiles) character file.

Game seed: 8350460216106443349

10823 Conn the Scorcher (level 11, -14/68 HPs)
             Began as an Octopode Fire Elementalist on Oct 17, 2021.
             Was a High Priest of Sif Muna.
             Demolished by the 27-headed Lernaean hydra (18 damage)
             ... in the Dungeon (Sprint I: "Red Sonja").
             The game lasted 00:30:57 (3291 turns).

Conn the Scorcher (Octopode Fire Elementalist)      Turns: 3291, Time: 00:30:58

Health: -14/68     AC:  1    Str: 11    XL:     11   Next: 68%
Magic:  2/37       EV: 19    Int: 18    God:    Sif Muna [*****.]
Gold:   51         SH:  0    Dex: 21    Spells: 2/37 levels left

rFire   + . .      SeeInvis +   b - +6 glaive of Enoibiufio {pain, Will+++ MP+9 Str+4 SInv}
rCold   + . .      Faith    +   (shield currently unavailable)
rNeg    . . .      Spirit   .   (helmet restricted)
rPois   +          Reflect  .   p - amulet "Balume Joco" {Faith rCorr Int-2 Dex+7}
rElec   .          Harm     .   h - ring of poison resistance
rCorr   +          Rampage  .   m - ring of protection from fire
Will    +++..      NoTele   +   n - ring of protection from cold
Stlth   +++++++...              (no ring)
HPRegen 0.21/turn               (no ring)
MPRegen 0.25/turn               (no ring)
                                (no ring)
                                (no ring)

@: no status effects
A: almost no armour, amphibious, 8 rings, camouflage 1, gelatinous body 1,
(nimble swimmer 1), tentacles
a: Renounce Religion, Channel Magic, Forget Spell, Divine Exegesis


You were in the Dungeon.
You worshipped Sif Muna.
Sif Muna was extremely pleased with you.
You visited 1 branch You collected 1814 gold pieces.
You spent 1763 gold pieces at shops.

Inventory:

Hand Weapons
 b - the +6 glaive of Enoibiufio (weapon) {pain, Will+++ MP+9 Str+4 SInv}
   (You found it in the Dungeon)

   In the hands of one skilled in necromantic magic, it inflicts extra damage on
   living creatures.
   Str:       It affects your strength (+4).
   MP:        It affects your magic capacity (+9).
   SInv:      It lets you see invisible.
   Will:      It greatly increases your willpower.
 g - a +0 dagger
 j - a +2 dagger of venom
Missiles
 k - 3 curare-tipped darts (quivered)
Jewellery
 h - a ring of poison resistance (left tentacle)
 m - a ring of protection from fire (right tentacle)
 n - a ring of protection from cold (on tentacle)
 p - the amulet "Balume Joco" (around mantle) {Faith rCorr Int-2 Dex+7}
   (You bought it in a shop in the Dungeon)

   [amulet of faith]

   It allows you to gain divine favour quickly.
   Int:       It affects your intelligence (-2).
   Dex:       It affects your dexterity (+7).
   rCorr:     It protects you from acid and corrosion.
Wands
 e - a wand of digging (7)
 i - a wand of flame (16)
Scrolls
 l - a scroll of magic mapping {unknown}
Potions
 a - 2 potions of curing
 c - 2 potions of haste
 d - a potion of magic
 o - a potion of attraction {unknown}


   Skills:
 + Level 3.7 Fighting
 + Level 3.7 Polearms
 + Level 3.2 Throwing
 + Level 8.6 Dodging
 + Level 12.7 Stealth
 + Level 13.8 Spellcasting
 + Level 10.6 Conjurations
 + Level 8.4 Hexes
 + Level 15.3 Fire Magic
 + Level 1.7 Ice Magic
 + Level 1.3 Air Magic
 + Level 2.7 Poison Magic
 + Level 3.2 Invocations
 + Level 1.0 Evocations


You had 2 spell levels left.
You knew the following spells:

 Your Spells              Type           Power      Damage    Failure   Level
a - Foxfire               Conj/Fire      100%       2x1d9     1%          1
b - Conjure Flame         Conj/Fire      56%        6-21      1%          3
c - Inner Flame           Hex/Fire       53%        N/A       1%          3
d - Flame Wave            Conj/Fire      56%        3d10      1%          4
e - Scorch                Fire           100%       2d10      0%          2
f - Fulminant Prism       Conj/Hex       23%        3d13      1%          4
g - Mephitic Cloud        Conj/Pois/Air  30%        N/A       2%          3
h - Starburst             Conj/Fire      28%        6d9       4%          6
i - Hailstorm             Conj/Ice       34%        3d9       4%          4
j - Fireball              Conj/Fire      28%        3d12      1%          5

Your spell library contained the following spells:

 Spells                   Type           Power      Damage    Failure   Level
 Magic Dart               Conj           100%       1d8       1%          1
 Shock                    Conj/Air       100%       1d9       1%          1
 Searing Ray              Conj           100%       2d8       1%          2
 Dazzling Flash           Conj/Hex       92%        N/A       1%          3
 Ignite Poison            Fire/Tmut/Pois 34%        N/A       1%          3
 Tukima's Dance           Hex            42%        N/A       1%          3
 Freezing Cloud           Conj/Ice/Air   14%        6-21      22%         5
 Invisibility             Hex            21%        N/A       26%         6
 Ignition                 Fire           30%        3d10      54%         8
 Conjure Ball Lightning   Conj/Air       17%        3x3d6     56%         6
 Borgnjor's Vile Clutch   Necr/Erth      6%         N/A       83%         5
 Simulacrum               Ice/Necr       7%         N/A       99%         6
 Spellforged Servitor     Conj/Summ      15%        N/A       99%         7
 Statue Form              Tmut/Erth      8%         N/A       100%        6
 Fire Storm               Conj/Fire      28%        8d7       100%        9
 Polar Vortex             Ice            9%         N/A       100%        9


Dungeon Overview and Level Annotations

Branches:
Dungeon (1/1)

Altars:
Cheibriados
Dithmenos
Elyvilon
Fedhas
Gozag
Hepliaklqana
Kikubaaqudgha
Makhleb
Nemelex Xobeh
Okawaru
Qazlal
Ru
Sif Muna
Trog
Uskayaw
Vehumet
Wu Jian
Xom
Yredelemnul
Zin
The Shining One
Jiyva
Lugonu

Shops:
D =??*!(****![=:[(

Annotations:
D Lernaean hydra


Innate Abilities, Weirdness & Mutations

You cannot wear most types of armour.
You are amphibious.
You can wear up to eight rings at the same time.
Your skin changes colour to match your surroundings (Stealth+).
Your rubbery body absorbs attacks. (AC +1, EV +1)
((You are camouflaged near water. (Stealth+)))
You have tentacles for arms and can constrict up to eight enemies at once.


Message History

Okay, then.
Unknown command.
Unknown command.
Casting: Starburst (dangerous; 4% risk of failure)
Confirm with . or Enter, or press ? or * to list all spells.
Okay, then.
Unknown command.
Unknown command.
Okay, then.
Okay, then.
There is an open door here.
There is an open door here.
Your magical contamination has completely faded away.
There is an open door here.
There is an open door here.
You see here 13 bolts.
Casting: Starburst (dangerous; 4% risk of failure)
Confirm with . or Enter, or press ? or * to list all spells.
Okay, then.
Okay, then.
Okay, then.
Unknown command.
Casting: Starburst (dangerous; 4% risk of failure)
Confirm with . or Enter, or press ? or * to list all spells.
Casting: Starburst (dangerous; 4% risk of failure)
Press: ? - help, Dir - look around, f - activate The bolt of fire hits the 27-headed Lernaean hydra!!
The 27-headed Lernaean hydra is almost dead.
The 27-headed Lernaean hydra bites you! The 27-headed Lernaean hydra bites you.
The 27-headed Lernaean hydra bites you!
The 27-headed Lernaean hydra barely misses you.
The 27-headed Lernaean hydra bites you. x2
The 27-headed Lernaean hydra bites you! The 27-headed Lernaean hydra bites you.
The 27-headed Lernaean hydra bites you!
* * * LOW HITPOINT WARNING * * *
The 27-headed Lernaean hydra misses you.
The 27-headed Lernaean hydra bites you.
* * * LOW HITPOINT WARNING * * *
The 27-headed Lernaean hydra bites you!!
You die...

###############################
#<.#..+..#..'..#__#..'.)..§..§.
#..'.....)..#..'..'..#§§§##+#§#
#.)[####'#####'#__####..§+ss#.#
#..####..#...#D####[.#####ss+.#
#.§#__####..##@#≈§§§§#..# ####
#..#_____##'#§.§§≈≈..'..#
#⌠⌠#_.∩...'..§§#§§≈§§#..#
####_..__##_.#§##'#####'###
#_____###'#[#)|[)###.'.#
#########)####§###.###.#
+...'.....'(∩##.#
#...###########.#
###.###.......##§#


You could see the 27-headed Lernaean hydra.

Vanquished Creatures
  A deep elf annihilator (D)
  A hydra (D)
  2 centaur warriors (D)
  Sonja (D)
  A deep troll (D)
  A lindwurm (D)
  2 oklob plants (D)
  2 merfolk sirens (D)
  2 kobold demonologists (D)
  2 unseen horrors (D)
  A hellwing (D)
  A slime creature (D)
  2 hornets (D)
  Sigmund (D)
  2 redbacks (D)
  A yak (D)
  13 hogs (D)
  3 floating eyes (D)
  7 necrophages (D)
  An ogre (D)
  8 jellies (D)
  Ijyb (D)
  A ballistomycete spore (D)
57 creatures vanquished.

Vanquished Creatures (others)
  2 hornets (D)
  A ballistomycete spore (D)
  64 foxfires (D)
  27 fulminant prisms (D)
94 creatures vanquished.

Grand Total: 151 creatures vanquished

Notes
Turn   | Place    | Note
-------+----------+-------------------------------------------
     0 | D        | Conn the Octopode Fire Elementalist began the quest for the
                  | Orb.
     0 | D        | Reached XP level 1. HP: 11/11 MP: 3/3
     3 | D        | Noticed Ijyb
    16 | D        | Killed Ijyb
    17 | D        | Reached skill level 5 in Fire Magic
    17 | D        | Reached XP level 2. HP: 15/17 MP: 1/6
    17 | D        | Reached XP level 3. HP: 18/21 MP: 1/7
   130 | D        | Learned a level 3 spell: Conjure Flame
   134 | D        | Learned a level 3 spell: Inner Flame
   144 | D        | Noticed an ogre
   155 | D        | Killed an ogre
   156 | D        | Reached skill level 7 in Fire Magic
   156 | D        | Reached XP level 4. HP: 27/27 MP: 7/10
   174 | D        | Learned a level 4 spell: Flame Wave
   176 | D        | Noticed Sigmund
   181 | D        | Killed Sigmund
   182 | D        | Reached skill level 5 in Stealth
   182 | D        | Reached skill level 5 in Spellcasting
   182 | D        | Reached skill level 9 in Fire Magic
   182 | D        | Reached XP level 5. HP: 31/31 MP: 4/13
   182 | D        | Reached XP level 6. HP: 36/36 MP: 4/14
   268 | D        | Found an ornate altar of the Wu Jian Council.
   268 | D        | Found a shimmering blue altar of Sif Muna.
   276 | D        | Found a radiant altar of Vehumet.
   283 | D        | Became a worshipper of Sif Muna the Loreminder
   319 | D        | Learned a level 2 spell: Scorch
   319 | D        | Found Milef's Jewellery Emporium.
   319 | D        | Found an ancient bone altar of Kikubaaqudgha.
   319 | D        | Found a hazy altar of Hepliaklqana.
   319 | D        | Found a stormy altar of Qazlal.
   319 | D        | Found a hide-covered altar of Uskayaw.
   319 | D        | Found a blossoming altar of Fedhas.
   319 | D        | Found a bloodstained altar of Trog.
   319 | D        | Found an iron altar of Okawaru.
   319 | D        | Found a basalt altar of Yredelemnul.
   319 | D        | Found a glowing golden altar of the Shining One.
   319 | D        | Found a snail-covered altar of Cheibriados.
   319 | D        | Found a sacrificial altar of Ru.
   319 | D        | Found a glowing silver altar of Zin.
   319 | D        | Found a shadowy altar of Dithmenos.
   319 | D        | Found a white marble altar of Elyvilon.
   319 | D        | Noticed a yak
   320 | D        | Found an opulent altar of Gozag.
   328 | D        | Killed a yak
   329 | D        | Reached skill level 5 in Dodging
   329 | D        | Reached skill level 1 in Hexes
   329 | D        | Reached skill level 10 in Fire Magic
   329 | D        | Reached XP level 7. HP: 16/41 MP: 7/17
   522 | D        | Found a sparkling altar of Nemelex Xobeh.
   526 | D        | Bought a ring of poison resistance for 280 gold pieces
   534 | D        | Noticed Sonja
   538 | D        | Killed Sonja
   539 | D        | Reached skill level 5 in Conjurations
   539 | D        | Reached skill level 11 in Fire Magic
   539 | D        | Reached XP level 8. HP: 17/46 MP: 13/20
   782 | D        | Noticed a deep troll
   792 | D        | Killed a deep troll
   792 | D        | Reached * piety under Sif Muna
   793 | D        | Reached skill level 12 in Fire Magic
   835 | D        | Found Vaxak's Armour Emporium.
   855 | D        | Learned a level 4 spell: Fulminant Prism
   867 | D        | Noticed a centaur warrior
   872 | D        | Noticed a centaur warrior
   888 | D        | Killed a centaur warrior
   889 | D        | Reached skill level 1 in Throwing
   889 | D        | Reached skill level 10 in Stealth
   889 | D        | Reached skill level 13 in Fire Magic
   889 | D        | Reached XP level 9. HP: 11/52 MP: 0/22
  1003 | D        | HP: 2/52 [centaur warrior (12)]
  1010 | D        | Killed a centaur warrior
  1011 | D        | Reached skill level 1 in Fighting
  1011 | D        | Reached skill level 10 in Spellcasting
  1259 | D        | Noticed a hornet
  1272 | D        | Killed a hornet
  1272 | D        | Reached ** piety under Sif Muna
  1273 | D        | Reached skill level 5 in Hexes
  1476 | D        | Noticed an oklob plant
  1511 | D        | Killed an oklob plant
  1512 | D        | Reached XP level 10. HP: 59/59 MP: 0/24
  1670 | D        | Killed an unseen horror
  1670 | D        | Reached *** piety under Sif Muna
  1671 | D        | Reached skill level 14 in Fire Magic
  1671 | D        | Killed an unseen horror
  1673 | D        | Reached **** piety under Sif Muna
  1675 | D        | Reached ***** piety under Sif Muna
  1677 | D        | Received a gift from Sif Muna
  1688 | D        | Got Sif Muna's Collected Works on Attacks and Clay {god
                  | gift}
  1693 | D        | Identified the +6 glaive of Enoibiufio {pain, Will+++ MP+9
                  | Str+4 SInv}
  1858 | D        | Found Quosuytu's Magic Scroll Shoppe.
  1858 | D        | Found Ruke's Magic Scroll Shop.
  1858 | D        | Found Poen's General Store.
  1860 | D        | Found Zeissek's Distillery.
  1860 | D        | Found Savosifa's Weapon Shop.
  1860 | D        | Found Gegoich's General Store.
  1860 | D        | Found Odesirud's Assorted Antiques.
  1860 | D        | Found Naomu's Assorted Antiques.
  1860 | D        | Found Poom's General Store.
  1860 | D        | Found Wilucamp's Distillery.
  1864 | D        | Found Jaurorph's Antique Armour Boutique.
  1865 | D        | Found Ostreo Jeele's Book Emporium.
  1865 | D        | Found Imexyuj's Jewellery Boutique.
  1866 | D        | Found Limoemuats's Antique Weapon Emporium.
  1898 | D        | Learned a level 3 spell: Mephitic Cloud
  1905 | D        | Learned a level 6 spell: Starburst
  1910 | D        | Learned a level 4 spell: Hailstorm
  1941 | D        | Found a burning altar of Makhleb.
  1941 | D        | Found a viscous altar of Jiyva.
  1941 | D        | Found a shimmering altar of Xom.
  1941 | D        | Found a corrupted altar of Lugonu.
  2022 | D        | Bought a ring of protection from fire for 350 gold pieces
  2059 | D        | Bought a ring of protection from cold for 250 gold pieces
  2111 | D        | Noticed a kobold demonologist
  2113 | D        | Noticed a kobold demonologist
  2114 | D        | Reached skill level 1 in Invocations
  2114 | D        | Killed a kobold demonologist
  2118 | D        | Killed a kobold demonologist
  2119 | D        | Reached skill level 1 in Polearms
  2173 | D        | Noticed a lindwurm
  2181 | D        | Killed a lindwurm
  2442 | D        | Received a gift from Sif Muna
  2443 | D        | Reached skill level 1 in Ice Magic
  2443 | D        | Reached XP level 11. HP: 60/67 MP: 24/27
  2443 | D        | Got Sif Muna's Collected Works on Combat Magic {god gift}
  2445 | D        | Reached skill level 1 in Poison Magic
  2448 | D        | Received a gift from Sif Muna
  2459 | D        | Got Sif Muna's Almanac of Fiery Execration {god gift}
  2576 | D        | Learned a level 5 spell: Fireball
  2593 | D        | Noticed a 12-headed hydra
  2634 | D        | Killed a 12-headed hydra
  2635 | D        | Reached skill level 1 in Air Magic
  2635 | D        | Reached skill level 1 in Evocations
  2843 | D        | Bought the amulet "Balume Joco" {Faith rCorr Int-2 Dex+7}
                  | for 883 gold pieces
  2897 | D        | Reached skill level 15 in Fire Magic
  2901 | D        | Reached skill level 10 in Conjurations
  2901 | D        | Noticed a flayed ghost
  2940 | D        | Received a gift from Sif Muna
  3087 | D        | Noticed a deep elf annihilator
  3096 | D        | Killed a deep elf annihilator
  3224 | D        | Noticed the 27-headed Lernaean hydra
  3225 | D        | Killed an oklob plant
  3291 | D        | Demolished by the 27-headed Lernaean hydra

Illustrated notes

Levels and vault maps discovered:
D:        dungeon_sprint_1 [red_sonja_temple_1, red_sonja_temple_small_1]

Skill      XL: |  1  2  3  4  5  6  7  8  9 10 11 |
---------------+----------------------------------+-----
Stealth        | 3 4 5 6 8 10 12 | 12.7
Spellcasting   | 3 4 5 6 8 9 10 12 13 | 13.8
Fire Magic     | 5 7 9 10 11 13 14 15 | 15.3
Dodging        | 3 4 5 6 7 8 |  8.6
Conjurations   | 2 3 5 6 7 9 10 | 10.6
Hexes          | 1 2 4 5 7 8 |  8.4
Throwing       | 1 2 3 |  3.2
Fighting       | 1 3 |  3.7
Invocations    | 1 3 |  3.2
Polearms       | 1 3 |  3.7
Ice Magic      | 1 |  1.7
Poison Magic   | 2 |  2.7
Air Magic      | 1 |  1.3
Evocations     | 1 |  1.0

Action                   |  1- 3 |  4- 6 |  7- 9 | 10-12 || total
-------------------------+-------+-------+-------+-------++-------
Melee: Unarmed           |     9 |       |       |       ||     9
       Tentacles         |     1 |       |     1 |       ||     2
       Constrict         |     1 |       |       |       ||     1
       Dagger            |       |     2 |     4 |     2 ||     8
       Glaive            |       |       |       |     5 ||     5
Throw: Dart              |       |       |     4 |     3 ||     7
 Cast: Foxfire           |    12 |     7 |     8 |    12 ||    39
       Inner Flame       |       |     3 |     3 |     5 ||    11
       Fulminant Prism   |       |       |    12 |    15 ||    27
       Scorch            |       |       |     1 |     2 ||     3
       Flame Wave        |       |       |     3 |     7 ||    10
       Hailstorm         |       |       |       |     5 ||     5
       Mephitic Cloud    |       |       |       |     6 ||     6
       Starburst         |       |       |       |    19 ||    19
       Fireball          |       |       |       |     2 ||     2
Invok: Channel Magic     |       |       |       |     3 ||     3
Evoke: Wand              |     1 |       |       |     1 ||     2
  Use: Potion            |     2 |       |     4 |       ||     6
       Scroll            |       |       |       |     3 ||     3
 Stab: Sleeping          |       |     2 |       |     2 ||     4
Armor: Skin              |     1 |       |     3 |     2 ||     6
Dodge: Dodged            |     3 |     1 |    14 |    15 ||    33

Table legend: (Time is in decaauts)
 A = Elapsed time spent in this place.
 B = Non-inter-level travel time spent in this place.
 C = Inter-level travel time spent in this place.
 D = Time resting spent in this place.
 E = Time spent auto-exploring this place.
 F = Levels seen in this place.
 G = Mean time per level.
                   A        B        C        D        E       F      G
               +--------+--------+--------+--------+--------+-----+--------+
         Total |   3302 |   3175 |    127 |   2028 |     72 |   1 | 3302.0 |
       Dungeon |   3302 |   3175 |    127 |   2028 |     72 |   1 | 3302.0 |
               +--------+--------+--------+--------+--------+-----+--------+

Top non-repeatable levels by time:
       D: 3302 daAuts
